 Dungeon Crawl Stone Soup version 0.17-a0-1711-gc5340a3 (webtiles) character file.

188 kae the Firebug (level 5, -13/28 HPs)
             Began as a Tengu Fire Elementalist on Aug 22, 2015.
             Killed by divine providence
             ... invoked by an orc priest
              (15 damage)
             ... on level 4 of the Dungeon.
             The game lasted 00:03:36 (4029 turns).

kae the Firebug (Tengu Fire Elementalist)           Turns: 4029, Time: 00:03:36

Health: -13/28     AC:  2    Str:  8    XL:     5   Next: 67%
Magic:  0/9        EV: 12    Int: 17    God:
Gold:   192        SH:  0    Dex: 14    Spells: 2 memorised, 5 levels left

rFire  + . .     SeeInvis .     g - +0 spear
rCold  . . .     Clarity  .     a - +0 robe
rNeg   . . .     SustAt   .     (no shield)
rPois  .         Gourm    .     (helmet restricted)
rElec  .         Spirit   +     (no cloak)
rCorr  .         Warding  .     (no gloves)
rMut   .         Stasis   .     (boots unavailable)
MR     .....                    k - amulet of guardian spirit
Stlth  +++.......               t - ring of protection from fire
                                j - ring of stealth

@: not resistant to hostile enchantments, fairly stealthy
A: beak, talons 3, able to fly 1
a: Fly


You were on level 4 of the Dungeon.
You were not hungry.

You visited 1 branch of the dungeon, and saw 4 of its levels.

You collected 192 gold pieces.

Inventory:

Hand weapons
 g - a +0 spear (weapon)
Armour
 a - a +0 robe (worn)
Jewellery
 j - a ring of stealth (left hand)
 k - an amulet of guardian spirit (around neck)
 t - a ring of protection from fire (right hand)
Magical devices
 z - a wand of confusion (24)
Scrolls
 e - 2 scrolls of amnesia {unknown}
 h - a scroll of random uselessness {unknown}
 i - 4 scrolls of identify {unknown}
 l - a scroll of recharging {unknown}
 m - a scroll of remove curse {unknown}
 p - a scroll of immolation {unknown}
 u - a scroll of magic mapping {unknown}
 y - a scroll of noise {unknown}
Potions
 f - a potion of agility {unknown}
 q - a potion of magic {unknown}
 x - a potion of poison {unknown}
Books
 b - a book of Flames

   Spells                             Type                      Level
   a - Flame Tongue                   Conjuration/Fire             1
   b - Throw Flame                    Conjuration/Fire             2
   c - Conjure Flame                  Conjuration/Fire             3
   d - Inner Flame                    Hexes/Fire                   3
   e - Sticky Flame                   Conjuration/Fire             4
   f - Fireball                       Conjuration/Fire             5
 r - a book of Conjurations

   Spells                             Type                      Level
   a - Magic Dart                     Conjuration                  1
   b - Searing Ray                    Conjuration                  2
   c - Dazzling Spray                 Conjuration/Hexes            3
   d - Fulminant Prism                Conjuration/Hexes            4
   e - Iskenderun's Mystic Blast      Conjuration                  4
   f - Iskenderun's Battlesphere      Conjuration/Charms           5
 v - a book of Unlife

   Spells                             Type                      Level
   a - Recall                         Summoning/Translocation      3
   b - Animate Dead                   Necromancy                   4
   c - Control Undead                 Necromancy                   4
   d - Cigotuvi's Embrace             Necromancy                   5
   e - Death Channel                  Necromancy                   6
   f - Simulacrum                     Ice/Necromancy               6
Comestibles
 c - a bread ration
 d - 2 beef jerkies
 n - a royal jelly
 o - a meat ration
 w - 4 fruits


   Skills:
 - Level 2.1 Dodging
 - Level 2.0 Stealth
 - Level 2.0 Spellcasting
 - Level 1.3 Conjurations
 + Level 6.8 Fire Magic


You had 5 spell levels left.
You knew the following spells:

 Your Spells              Type           Power        Failure   Level  Hunger
a - Flame Tongue          Conj/Fire      ###..        3%          1    #......
b - Throw Flame           Conj/Fire      ###...       6%          2    ###....


Dungeon Overview and Level Annotations

Branches:
Dungeon (4/15)
 Temple: D:4-7

Altars:


Innate Abilities, Weirdness & Mutations

You have a beak for a mouth.
You have claws for feet.
You can fly.


Message History

Casting: Flame Tongue
Confirm with . or Enter, or press ? or * to list all spells.
You don't have enough magic to cast that spell.
You barely miss the orc priest.
You claw the orc priest, but do no damage.
The orc priest is severely wounded.
The orc priest hits you with an enchanted mace.
You hit the orc priest but do no damage.
The orc priest is severely wounded.
You hit the orc priest but do no damage.
Your peck misses the orc priest.
The orc priest is severely wounded.
The orc priest invokes the aid of Beogh against you.
Something smites you!
Ouch! That really hurt!
* * * LOW HITPOINT WARNING * * *
The orc priest invokes the aid of Beogh against you.
Something smites you!
Ouch! That really hurt!
You die...

..........)....#####.#
##.###.#####..<.....#
######.###.# ##)#####.#
.........#.#####...##
#.#
#.....(.)..........###.#
#..##.#)#####..........#
#.#.# ##.......... #.#o#
##...####.# ..#@# ##.##
#.# ###(# ### #.#
...#####.# #.#
......[.(# #.#
.#.####### #.. #.# #..
######.# #......#


You could see an orc priest.

Vanquished Creatures
  5 adders (D:2)
  7 gnolls (D:4)
  An ooze (D:3)
  A worm (D:2)
  4 orcs (D:4)
  A ball python (D:4)
  4 giant cockroaches
  6 hobgoblins
  2 jackals (D:1)
  9 bats
  6 giant newts
  10 goblins
  A jackal skeleton (D:4)
  11 kobolds
  4 rats
72 creatures vanquished.

Notes
Turn   | Place    | Note
--------------------------------------------------------------
     0 | D:1      | kae the Tengu Fire Elementalist began the quest for the Orb.
     0 | D:1      | Reached XP level 1. HP: 10/10 MP: 4/4
   128 | D:1      | Reached XP level 2. HP: 3/15 MP: 1/6
   471 | D:1      | Reached skill level 4 in Fire Magic
  1401 | D:2      | Reached XP level 3. HP: 19/19 MP: 7/7
  1464 | D:2      | Reached skill level 5 in Fire Magic
  1924 | D:2      | Reached XP level 4. HP: 22/24 MP: 2/8
  3665 | D:3      | Reached skill level 6 in Fire Magic
  3721 | D:4      | Gained mutation: You can fly. [Tengu growth]
  3721 | D:4      | Reached XP level 5. HP: 23/28 MP: 0/9
  4015 | D:4      | Learned a level 2 spell: Throw Flame
  4020 | D:4      | HP: 1/28 [orc priest/enchanted mace (6)]
  4029 | D:4      | Killed from afar by an orc priest

Vault maps used:
D:1:      dpeg_arrival_long_road
D:4:      serial_shops, nicolae_shop_stone, shop, minmay_crossroads

Action                   |  1- 3 |  4- 6 || total
-------------------------+-------+-------++-------
Melee: Unarmed           |    31 |       ||    31
       Spear             |    59 |    74 ||   133
 Cast: Flame Tongue      |    30 |    58 ||    88
Evoke: Wand              |       |     1 ||     1
  Use: Potion            |     1 |     1 ||     2
 Stab: Sleeping          |     1 |     4 ||     5
  Eat: Chunk             |     3 |     8 ||    11
